 Dungeon Crawl Stone Soup version 0.17.1-3-g152610e (webtiles) character file.

360 Jerry the Caller (level 6, -2/41 HPs)
             Began as a Mummy Wizard on Apr 2, 2016.
             Was a Follower of Sif Muna.
             Slain by an ice beast (3 damage)
             ... on level 5 of the Dungeon.
             The game lasted 00:44:13 (7549 turns).

Jerry the Caller (Mummy Wizard)                     Turns: 7549, Time: 00:44:13

Health: -2/41      AC:  7    Str: 11    XL:     6   Next: 38%
Magic:  2/11       EV: 12    Int: 19    God:    Sif Muna [*.....]
Gold:   394        SH:  0    Dex: 10    Spells: 2 memorised, 8 levels left

rFire  x . .     SeeInvis +     i - +0 trident
rCold  + . .     Clarity  .     a - +0 robe
rNeg   + + +     SustAt   .     (no shield)
rPois  ∞         Gourm    .     b - +0 hat
rElec  .         Spirit   .     p - +0 cloak
rCorr  .         Warding  .     (no gloves)
rMut   .         Stasis   .     (no boots)
MR     .....                    (no amulet)
Stlth  ++........               h - +4 ring of protection
                                k - ring of see invisible

@: not resistant to hostile enchantments, unstealthy
A: no food or potions, fire vulnerability, cold resistance 1, negative energy
resistance 3, torment resistance, unbreathing
a: Channel Energy, Renounce Religion


You were on level 5 of the Dungeon.
You worshipped Sif Muna.
Sif Muna was aware of your devotion.
You were not hungry.

You visited 1 branch of the dungeon, and saw 5 of its levels.
You also visited: Sewer.

You collected 394 gold pieces.

Inventory:

Hand Weapons
 d - a +0 dagger of speed
 i - a +0 trident (weapon)
Armour
 a - a +0 robe (worn)
 b - a +0 hat (worn)
 n - a troll hide {Purgy}
 p - a +0 cloak (worn)
Magical Staves
 e - an uncursed staff of poison
Jewellery
 h - a +4 ring of protection (right hand)
 k - a ring of see invisible (left hand)
Scrolls
 f - 6 scrolls of identify
 g - a scroll of immolation
 j - a scroll of recharging {unknown}
 l - 3 scrolls of magic mapping {unknown}
 m - a scroll of amnesia {unknown}
 o - a scroll of remove curse
Books
 c - a book of Minor Magic

   Spells                             Type                      Level
   a - Magic Dart                     Conjuration                  1
   b - Blink                          Translocation                2
   c - Call Imp                       Summoning                    2
   d - Repel Missiles                 Charms/Air                   2
   e - Slow                           Hexes                        2
   f - Conjure Flame                  Conjuration/Fire             3
   g - Mephitic Cloud                 Conjuration/Poison/Air       3


   Skills:
 + Level 1.9 Dodging
 - Level 1.5 Stealth
 - Level 3.4 Spellcasting
 - Level 0.7 Conjurations
 + Level 5.0 Summonings
   Level 0.7 Translocations
 + Level 0.8 Invocations


You had 8 spell levels left.
You knew the following spells:

 Your Spells              Type           Power        Failure   Level  Hunger
a - Magic Dart            Conj           #...         12%         1    N/A
b - Call Imp              Summ           ###.....     3%          2    N/A

Dungeon Overview and Level Annotations

Branches:
Dungeon (5/15)
 Temple: D:4-7

Altars:
Ashenzari
Elyvilon
Gozag
Makhleb
Ru
Sif Muna
Xom


Innate Abilities, Weirdness & Mutations

You do not eat or drink.
Your flesh is vulnerable to fire.
You are immune to poison.
Your flesh is cold resistant.
You are immune to negative energy.
You are immune to unholy pain and torment.
You can survive without breathing.


Message History

Your white imp hits the ice beast.
Your white imp freezes the ice beast.
The ice beast completely resists.
The iguana closely misses you.
The ice beast hits your white imp but does no damage.
The adder bites your crimson imp but does no damage.
You hit the iguana.
The iguana is severely wounded.
Your crimson imp misses the adder.
Your white imp hits the ice beast but does no damage.
The adder barely misses your crimson imp.
The iguana bites you but does no damage.
The ice beast hits your white imp but does no damage.
You closely miss the ice beast.
The ice beast is heavily wounded.
The adder barely misses your crimson imp.
Your white imp barely misses the ice beast.
Your crimson imp barely misses the adder.
The iguana barely misses you. The ice beast hits you.
* * * LOW HITPOINT WARNING * * *
The ice beast freezes you. You resist.
You die...

###.#.# .. ##...... .# ......
########.### #..... ..........
#.... #......# #...# #.W....#####
#...###########........... #
#........5Y@l5S..<.o5#####..
.###.#..################o........
........#######..(.....#..##....
.###.#...oo.(.(§.......#..# #. #
#.###.##..........'o.. ...
#.###(.(......#.### #... #.#
#.........#.# #..# #.#
#<†.......#.# #.. #.#
########'##.#


You could see an ice beast (inner flame), an iguana (inner flame), an adder
(inner flame), a friendly crimson imp and a friendly white imp.

Vanquished Creatures
  Purgy (Sewer)
  A sky beast (D:4)
  2 adders
  A worm (D:2)
  2 giant geckos (D:5)
  A giant cockroach (D:2)
  2 goblins
  2 hobgoblins
  5 jackals
  10 bats
  4 giant newts
  3 kobolds (D:1)
  6 rats
40 creatures vanquished.

Vanquished Creatures (collateral kills)
  An orc warrior (D:3)
  A hound (D:4)
  An orc priest (D:3)
  An orc wizard (D:3)
  An iguana (D:4)
  Robin (D:2)
  5 adders
  A river rat (D:4)
  An ooze (D:3)
  2 worms (D:2)
  4 orcs
  5 giant cockroaches
  7 goblins
  9 hobgoblins
  7 jackals
  9 kobolds
  A quokka (D:3)
  4 bats
  4 giant geckos
  4 giant newts
  2 rats
71 creatures vanquished.

Vanquished Creatures (others)
  A quokka (D:4)
1 creature vanquished.

Grand Total: 112 creatures vanquished

Notes
Turn   | Place    | Note
--------------------------------------------------------------
     0 | D:1      | Jerry the Mummy Wizard began the quest for the Orb.
     0 | D:1      | Reached XP level 1. HP: 13/13 MP: 4/4
   834 | D:1      | Reached XP level 2. HP: 19/19 MP: 1/6
   884 | D:1      | Learned a level 2 spell: Call Imp
   921 | D:1      | Reached skill level 1 in Summonings
  2014 | D:2      | Found a shimmering altar of Xom.
  2014 | D:2      | Found a shimmering altar of Xom.
  2014 | D:2      | Found a shimmering altar of Xom.
  2065 | D:2      | Found a shimmering altar of Xom.
  2066 | D:2      | Found a shimmering altar of Xom.
  2076 | D:2      | Reached XP level 3. HP: 24/24 MP: 1/7
  2246 | D:2      | Noticed Robin
  2254 | D:2      | Killed Robin
  2268 | D:2      | HP: 1/24 [goblin/stone[Robin] (4)]
  3184 | D:2      | Reached XP level 4. HP: 30/30 MP: 6/9
  3234 | D:2      | Found a deep blue altar of Sif Muna.
  3240 | D:2      | Became a worshipper of Sif Muna the Loreminder
  3754 | D:3      | Found a shattered altar of Ashenzari.
  4221 | D:3      | Noticed an orc warrior
  4825 | D:3      | Found a sacrificial altar of Ru.
  4855 | D:3      | Found a burning altar of Makhleb.
  4855 | D:3      | Found an opulent altar of Gozag.
  4966 | D:4      | Reached XP level 5. HP: 29/35 MP: 3/10
  5076 | D:4      | Found a white marble altar of Elyvilon.
  5448 | D:4      | Found a glowing drain.
  5452 | Sewer    | Entered a sewer
  5505 | Sewer    | Noticed Purgy
  5538 | Sewer    | Killed Purgy
  5538 | Sewer    | Reached skill level 4 in Summonings
  6521 | D:4      | Noticed a sky beast
  6551 | D:4      | Killed a sky beast
  6551 | D:4      | Reached * piety under Sif Muna
  6551 | D:4      | Reached XP level 6. HP: 41/41 MP: 3/11
  6793 | D:5      | Entered Level 5 of the Dungeon
  7237 | D:3      | Killed an orc warrior
  7237 | D:3      | Reached skill level 5 in Summonings
  7546 | D:5      | HP: 2/41 [iguana (6)]
  7549 | D:5      | Slain by an ice beast

Action                   |  1- 3 |  4- 6 || total
-------------------------+-------+-------++-------
Melee: Unarmed           |    50 |       ||    50
       Club              |    31 |       ||    31
       Spear             |    78 |     9 ||    87
       Staff             |       |    21 ||    21
       Dagger            |       |    53 ||    53
       Trident           |       |    15 ||    15
 Cast: Magic Dart        |    38 |     1 ||    39
       Call Imp          |    34 |   102 ||   136
  Use: Scroll            |       |     4 ||     4
 Stab: Distracted        |     1 |     1 ||     2
